| TOP OF THE 1ST |
|
Stanford University Cardinal batting - Pitching for Fresno State University Bulldogs : RHP David Grant
|
|
Pitching: RHP David Grant
|
|
|
Batting: RHB Josh Benefield
|
0-0: Called Strike 0-1: Ball 1-1: Ball 2-1: Ground out 5-3 (Groundball, 5, EV 80.0 MPH)
|
|
Batting: RHB Bobby Orantez
|
0-0: Called Strike 0-1: Ball 1-1: Ball 2-1: Swinging Strike 2-2: Foul Ball, location: 2F 2-2: Fly out, F8 (Line Drive, 8LM, EV 95.0 MPH)
|
|
Batting: LHB Donny Kleinjan
|
0-0: Ball 1-0: Fly out, F8 (Flyball, 8RS, EV 80.0 MPH)
|
| Top of the 1st over - 0 runs, 0 hits, 0 errors, 0 left on base; Stanford University 0 - Fresno State University 0 |
| BOTTOM OF THE 1ST |
|
Fresno State University Bulldogs batting - Pitching for Stanford University Cardinal : RHP Noël Antuofermo
|
|
Pitching: RHP Noël Antuofermo
|
|
|
Batting: RHB Sinfronio Carreon
|
0-0: Called Strike 0-1: Swinging Strike 0-2: Ground out 5-3 (Groundball, 5, EV 91.2 MPH)
|
|
Batting: RHB Sandy Munoz
|
0-0: Ball 1-0: Ball 2-0: Ball 3-0: Called Strike 3-1: Base on Balls
|
|
Batting: SHB Carlton Stannard
|
0-0: Ball 1-0: Called Strike 1-1: Ball 2-1: Fly out, F7 (Flyball, 78M, EV 88.1 MPH)
|
|
Batting: LHB Abraham Batista
|
0-0: Ball 1-0: Ball 2-0: Ball 3-0: Called Strike 3-1: Foul Ball, location: 2F 3-2: Strikes out looking
|
| Bottom of the 1st over - 0 runs, 0 hits, 0 errors, 1 left on base; Stanford University 0 - Fresno State University 0 |
| TOP OF THE 2ND |
|
Stanford University Cardinal batting - Pitching for Fresno State University Bulldogs : RHP David Grant
|
|
Batting: RHB Joe Petley
|
0-0: Ball 1-0: Called Strike 1-1: Called Strike 1-2: DOUBLE (Line Drive, 89D, EV 100.6 MPH)
|
|
Batting: RHB Dzevat Koljevic
|
0-0: Ball 1-0: Called Strike 1-1: DOUBLE (Line Drive, 7LM, EV 93.1 MPH) Joe Petley scores
|
|
Batting: RHB Gary Preston
|
0-0: Ball 1-0: Swinging Strike 1-1: Swinging Strike 1-2: Foul Ball, location: 2F 1-2: Ball 2-2: Strikes out swinging, 2-3 out at first.
|
|
Batting: SHB Philippe Huff
|
0-0: Called Strike 0-1: Ball 1-1: Ball 2-1: Ball 3-1: Base on Balls
|
|
Batting: RHB Eric McDonald
|
0-0: Called Strike 0-1: Ball 1-1: Fly out, F9 (Flyball, 9D, EV 87.5 MPH) Runner from 2nd tags up, SAFE at 3rd, no throw by RF
|
|
Batting: LHB Mike Keating
|
0-0: Called Strike 0-1: Ball 1-1: SINGLE (Groundball, 4MS, EV 70.0 MPH) (infield hit) Dzevat Koljevic scores Philippe Huff to second
|
|
Batting: RHB Josh Benefield
|
0-0: Fly out, F7 (Line Drive, 7, EV 97.5 MPH)
|
| Top of the 2nd over - 2 runs, 3 hits, 0 errors, 2 left on base; Stanford University 2 - Fresno State University 0 |
| BOTTOM OF THE 2ND |
|
Fresno State University Bulldogs batting - Pitching for Stanford University Cardinal : RHP Noël Antuofermo
|
|
Batting: LHB Brad Benanti
|
0-0: Called Strike 0-1: Fly out, F9 (Line Drive, 9, EV 85.6 MPH)
|
|
Batting: LHB Moktar Ame
|
0-0: Ball 1-0: Ball 2-0: Fly out, F8 (Flyball, 8RM, EV 94.4 MPH)
|
|
Batting: RHB Greg Meyer
|
0-0: Ball 1-0: Called Strike 1-1: Ball 2-1: Swinging Strike 2-2: Foul Ball, location: 2F 2-2: Fly out, F9 (Flyball, 89M, EV 83.8 MPH)
|
| Bottom of the 2nd over - 0 runs, 0 hits, 0 errors, 0 left on base; Stanford University 2 - Fresno State University 0 |
| TOP OF THE 3RD |
|
Stanford University Cardinal batting - Pitching for Fresno State University Bulldogs : RHP David Grant
|
|
Batting: RHB Bobby Orantez
|
0-0: Called Strike 0-1: Swinging Strike 0-2: Ball 1-2: Foul Ball, location: 2F 1-2: Ball 2-2: Foul Ball, location: 2F 2-2: Foul Ball, location: 2F 2-2: Foul Ball, location: 2F 2-2: Strikes out swinging
|
|
Batting: LHB Donny Kleinjan
|
0-0: Foul Ball, location: 2F 0-1: Swinging Strike 0-2: Strikes out looking
|
|
Batting: RHB Joe Petley
|
0-0: SINGLE (Groundball, 6MD, EV 96.9 MPH)
|
|
Batting: RHB Dzevat Koljevic
|
0-0: SINGLE (Groundball, 56, EV 108.8 MPH) (infield hit) Joe Petley to second
|
|
Batting: RHB Gary Preston
|
0-0: Called Strike 0-1: Called Strike 0-2: Fielders Choice at 2nd, 5-4 (Groundball, 5, EV 101.2 MPH)
|
| Top of the 3rd over - 0 runs, 2 hits, 0 errors, 2 left on base; Stanford University 2 - Fresno State University 0 |
| BOTTOM OF THE 3RD |
|
Fresno State University Bulldogs batting - Pitching for Stanford University Cardinal : RHP Noël Antuofermo
|
|
Batting: RHB Victor Rangel
|
0-0: Called Strike 0-1: Called Strike 0-2: Strikes out swinging
|
|
Batting: RHB Wu-ti Hui
|
0-0: Ball 1-0: Fly out, F7 (Flyball, 7, EV 79.4 MPH)
|
|
Batting: RHB Sinfronio Carreon
|
0-0: Ground out 5-3 (Groundball, 56, EV 78.1 MPH)
|
| Bottom of the 3rd over - 0 runs, 0 hits, 0 errors, 0 left on base; Stanford University 2 - Fresno State University 0 |
| TOP OF THE 4TH |
|
Stanford University Cardinal batting - Pitching for Fresno State University Bulldogs : RHP David Grant
|
|
Batting: SHB Philippe Huff
|
0-0: Ball 1-0: Foul Ball, location: 2F 1-1: Foul Ball, location: 2F 1-2: Ball 2-2: Hit by Pitch
|
|
Batting: RHB Eric McDonald
|
0-0: Foul Ball, location: 2F 0-1: Ball 1-1: Fly out, F8 (Flyball, 8LD, EV 89.4 MPH)
|
|
Batting: LHB Mike Keating
|
0-0: Ball 1-0: Ball 2-0: Ball 3-0: Called Strike 3-1: Called Strike 3-2: Foul Ball, location: 2F 3-2: Base on Balls Philippe Huff to second
|
|
Batting: RHB Josh Benefield
|
0-0: Called Strike 0-1: Swinging Strike 0-2: Ball 1-2: Ball 2-2: Foul Ball, location: 2F 2-2: Ball 3-2: Strikes out looking
|
|
Batting: RHB Bobby Orantez
|
0-0: Ball 1-0: Ball 2-0: Foul Ball, location: 2F 2-1: SINGLE (Groundball, 4MD, EV 98.1 MPH) Philippe Huff to third Mike Keating to second Runner from 3rd tries for Home, SAFE, throw by CF to home
|
|
Batting: LHB Donny Kleinjan
|
0-0: Called Strike 0-1: Ball 1-1: Foul Ball, location: 2F 1-2: SINGLE (Line Drive, 78S, EV 108.1 MPH) Mike Keating to third Bobby Orantez to second Runner from 3rd tries for Home, SAFE, throw by LF to home
|
|
Batting: RHB Joe Petley
|
0-0: Ball 1-0: Ball 2-0: Called Strike 2-1: Ball 3-1: Foul Ball, location: 2F 3-2: Fly out, F7 (Flyball, 78M, EV 90.6 MPH)
|
| Top of the 4th over - 2 runs, 2 hits, 0 errors, 2 left on base; Stanford University 4 - Fresno State University 0 |
| BOTTOM OF THE 4TH |
|
Fresno State University Bulldogs batting - Pitching for Stanford University Cardinal : RHP Noël Antuofermo
|
|
Batting: RHB Sandy Munoz
|
0-0: Ball 1-0: Ball 2-0: Foul Ball, location: 2F 2-1: SOLO HOME RUN (Flyball, 78XD, EV 103.1 MPH), Distance : 417 ft
|
|
Batting: SHB Carlton Stannard
|
0-0: Ball 1-0: Ball 2-0: Fly out, F7 (Flyball, 7D, EV 83.1 MPH)
|
|
Batting: LHB Abraham Batista
|
0-0: Foul Ball, location: 2F 0-1: Foul Ball, location: 2F 0-2: Fly out, F6 (Popup, 6M, EV 58.1 MPH)
|
|
Batting: LHB Brad Benanti
|
0-0: Ball 1-0: Ball 2-0: Called Strike 2-1: Called Strike 2-2: Ball 3-2: Base on Balls
|
|
Batting: LHB Moktar Ame
|
0-0: Ball 1-0: Ball 2-0: Ball 3-0: Called Strike 3-1: SINGLE (Line Drive, 3D, EV 95.6 MPH) Brad Benanti to second Runner from 2nd tries for 3rd, SAFE, no throw by RF
|
|
Batting: RHB Greg Meyer
|
0-0: Foul Ball, location: 2F 0-1: Fly out, F8 (Line Drive, 8LD, EV 92.5 MPH)
|
| Bottom of the 4th over - 1 run, 2 hits, 0 errors, 2 left on base; Stanford University 4 - Fresno State University 1 |
| TOP OF THE 5TH |
|
Stanford University Cardinal batting - Pitching for Fresno State University Bulldogs : RHP David Grant
|
|
Pitching: RHP Brent Liss
|
|
|
Batting: RHB Dzevat Koljevic
|
0-0: Swinging Strike 0-1: Ball 1-1: Called Strike 1-2: Ground out 3-1 (Groundball, 13, EV 90.6 MPH)
|
|
Batting: RHB Gary Preston
|
0-0: Called Strike 0-1: Called Strike 0-2: Ball 1-2: Ball 2-2: Ball 3-2: Foul Ball, location: 2F 3-2: Base on Balls
|
|
Batting: SHB Philippe Huff
|
0-0: Ball 1-0: Ground out 6-3 (Groundball, 56D, EV 88.8 MPH) Gary Preston to second
|
|
Batting: RHB Eric McDonald
|
0-0: Called Strike 0-1: Foul Ball, location: 2F 0-2: Ball 1-2: Strikes out looking
|
| Top of the 5th over - 0 runs, 0 hits, 0 errors, 1 left on base; Stanford University 4 - Fresno State University 1 |
| BOTTOM OF THE 5TH |
|
Fresno State University Bulldogs batting - Pitching for Stanford University Cardinal : RHP Noël Antuofermo
|
|
Batting: RHB Victor Rangel
|
0-0: Ball 1-0: Called Strike 1-1: Foul Ball, location: 2F 1-2: Ball 2-2: Ball 3-2: Strikes out swinging
|
|
Batting: RHB Wu-ti Hui
|
0-0: Ball 1-0: Ball 2-0: Called Strike 2-1: Fly out, F5 (Popup, P, EV 83.8 MPH)
|
|
Batting: RHB Sinfronio Carreon
|
0-0: Ball 1-0: Foul Ball, location: 2F 1-1: Called Strike 1-2: Ball 2-2: Ball 3-2: Base on Balls
|
|
Batting: RHB Sandy Munoz
|
0-0: Called Strike 0-1: Ball Sinfronio Carreon steals 2nd base 1-1: Swinging Strike 1-2: Strikes out swinging
|
| Bottom of the 5th over - 0 runs, 0 hits, 0 errors, 1 left on base; Stanford University 4 - Fresno State University 1 |
| TOP OF THE 6TH |
|
Stanford University Cardinal batting - Pitching for Fresno State University Bulldogs : RHP Brent Liss
|
|
Batting: LHB Mike Keating
|
0-0: Ball 1-0: Fly out, F9 (Flyball, 9D, EV 105.0 MPH)
|
|
Batting: RHB Josh Benefield
|
0-0: Ball 1-0: Foul Ball, location: 2F 1-1: Foul Ball, location: 2F 1-2: Ball 2-2: Ball 3-2: Foul Ball, location: 2F 3-2: Fly out, F7 (Flyball, 7, EV 81.2 MPH)
|
|
Batting: RHB Bobby Orantez
|
0-0: Called Strike 0-1: Ball 1-1: Ball 2-1: Foul Ball, location: 2F 2-2: Ball 3-2: Ground out 1-3 (Groundball, 15S, EV 67.5 MPH)
|
| Top of the 6th over - 0 runs, 0 hits, 0 errors, 0 left on base; Stanford University 4 - Fresno State University 1 |
| BOTTOM OF THE 6TH |
|
Fresno State University Bulldogs batting - Pitching for Stanford University Cardinal : RHP Noël Antuofermo
|
|
Batting: SHB Carlton Stannard
|
0-0: Ball 1-0: Ball 2-0: Fly out, F9 (Flyball, 9, EV 90.0 MPH)
|
|
Batting: LHB Abraham Batista
|
0-0: Called Strike 0-1: Ball 1-1: Ball 2-1: Ball 3-1: Base on Balls
|
|
Batting: LHB Brad Benanti
|
0-0: Called Strike Abraham Batista is caught stealing 2nd base 2-6 0-1: Ground out U3 (Groundball, 3, EV 85.6 MPH)
|
| Bottom of the 6th over - 0 runs, 0 hits, 0 errors, 0 left on base; Stanford University 4 - Fresno State University 1 |
| TOP OF THE 7TH |
|
Stanford University Cardinal batting - Pitching for Fresno State University Bulldogs : RHP Brent Liss
|
|
Pitching: RHP Alex Gutierrez
|
|
|
Batting: LHB Donny Kleinjan
|
0-0: Foul Ball, location: 2F 0-1: Ball 1-1: Called Strike 1-2: Foul Ball, location: 2F 1-2: Ball 2-2: Fly out, F7 (Flyball, 7, EV 91.9 MPH)
|
|
Batting: RHB Joe Petley
|
0-0: Ball 1-0: Foul Ball, location: 2F 1-1: Ball 2-1: Swinging Strike 2-2: Foul Ball, location: 2F 2-2: Ball 3-2: Strikes out swinging
|
|
Batting: RHB Dzevat Koljevic
|
0-0: Ball 1-0: Called Strike 1-1: Called Strike 1-2: Foul Ball, location: 2F 1-2: Ball 2-2: Foul Ball, location: 2F 2-2: Ground out 6-3 (Groundball, 6, EV 76.2 MPH)
|
| Top of the 7th over - 0 runs, 0 hits, 0 errors, 0 left on base; Stanford University 4 - Fresno State University 1 |
| BOTTOM OF THE 7TH |
|
Fresno State University Bulldogs batting - Pitching for Stanford University Cardinal : RHP Noël Antuofermo
|
|
Pitching: RHP Dante Verduzco
|
|
|
Batting: LHB Moktar Ame
|
0-0: Ground out U3 (Groundball, 3, EV 80.0 MPH)
|
|
Batting: RHB Greg Meyer
|
0-0: Ground out 6-3 (Groundball, 6, EV 96.9 MPH)
|
|
Batting: RHB Victor Rangel
|
0-0: Ball 1-0: Ground out 4-3 (Groundball, 4, EV 105.0 MPH)
|
| Bottom of the 7th over - 0 runs, 0 hits, 0 errors, 0 left on base; Stanford University 4 - Fresno State University 1 |
| TOP OF THE 8TH |
|
Stanford University Cardinal batting - Pitching for Fresno State University Bulldogs : RHP Alex Gutierrez
|
|
Pitching: RHP Oscar Zetino
|
|
|
Batting: RHB Gary Preston
|
0-0: Called Strike 0-1: Foul Ball, location: 2F 0-2: Strikes out swinging
|
|
Batting: SHB Philippe Huff
|
0-0: Ball 1-0: Called Strike 1-1: Ground out 1-3 (Groundball, 34S, EV 72.5 MPH)
|
|
Batting: RHB Eric McDonald
|
0-0: Ball 1-0: Swinging Strike 1-1: Swinging Strike 1-2: Strikes out swinging
|
| Top of the 8th over - 0 runs, 0 hits, 0 errors, 0 left on base; Stanford University 4 - Fresno State University 1 |
| BOTTOM OF THE 8TH |
|
Fresno State University Bulldogs batting - Pitching for Stanford University Cardinal : RHP Dante Verduzco
|
|
Pinch Hitting: LHB Ollie Strauss
|
0-0: Called Strike 0-1: Ball 1-1: Ball 2-1: Swinging Strike 2-2: Strikes out looking
|
|
Batting: RHB Sinfronio Carreon
|
0-0: Ball 1-0: Ball 2-0: Swinging Strike 2-1: Called Strike 2-2: Strikes out swinging
|
|
Batting: RHB Sandy Munoz
|
0-0: Called Strike 0-1: Swinging Strike 0-2: Foul Ball, location: 2F 0-2: Ground out 1-3 (Groundball, 15S, EV 77.5 MPH)
|
| Bottom of the 8th over - 0 runs, 0 hits, 0 errors, 0 left on base; Stanford University 4 - Fresno State University 1 |
| TOP OF THE 9TH |
|
Stanford University Cardinal batting - Pitching for Fresno State University Bulldogs : RHP Oscar Zetino
|
|
Now in LF: Ollie Strauss
|
|
|
Now in RF: Sandy Munoz
|
|
|
Batting: LHB Mike Keating
|
0-0: Foul Ball, location: 2F 0-1: Ball 1-1: Foul Ball, location: 2F 1-2: Ball 2-2: Ground out U3 (Groundball, 3, EV 77.5 MPH)
|
|
Batting: RHB Josh Benefield
|
0-0: Called Strike 0-1: Swinging Strike 0-2: Fly out, F8 (Flyball, 8LXD, EV 98.8 MPH)
|
|
Batting: RHB Bobby Orantez
|
0-0: Called Strike 0-1: Ball 1-1: Ball 2-1: Ball 3-1: Foul Ball, location: 2F 3-2: Ground out 6-3 (Groundball, 6, EV 102.5 MPH)
|
| Top of the 9th over - 0 runs, 0 hits, 0 errors, 0 left on base; Stanford University 4 - Fresno State University 1 |
| BOTTOM OF THE 9TH |
|
Fresno State University Bulldogs batting - Pitching for Stanford University Cardinal : RHP Dante Verduzco
|
|
Pitching: LHP Larry Steen
|
|
|
Batting: SHB Carlton Stannard
|
0-0: Ball 1-0: Ball 2-0: Swinging Strike 2-1: Foul Ball, location: 2F 2-2: Foul Ball, location: 2F 2-2: Strikes out swinging
|
|
Batting: RHB Danilo Baldia
|
0-0: Foul Ball, location: 2F 0-1: Ball 1-1: Called Strike 1-2: Foul Ball, location: 2F 1-2: Foul Ball, location: 2F 1-2: Fly out, F8 (Flyball, 8LM, EV 88.8 MPH)
|
|
Batting: LHB Brad Benanti
|
0-0: Ball 1-0: Ball 2-0: Swinging Strike 2-1: Foul Ball, location: 2F 2-2: Foul Ball, location: 2F 2-2: Foul Ball, location: 2F 2-2: Ball 3-2: SINGLE (Groundball, 6MS, EV 65.0 MPH) (infield hit)
|
|
Pitching: RHP Joe Kill
|
|
|
Batting: LHB Moktar Ame
|
0-0: Swinging Strike 0-1: Fielders Choice at 2nd, 6-4 (Groundball, 6, EV 108.8 MPH)
|
| Bottom of the 9th over - 0 runs, 1 hit, 0 errors, 1 left on base; Stanford University 4 - Fresno State University 1 |
|